 Dungeon Crawl Stone Soup version 0.28-a0-1404-g4df0f3684d (webtiles) character file.

Game seed: 18170166895636626379

40 fragbeetle the Insei (level 3, -1/29 HPs)
             Began as a Draconian Transmuter on Jan 5, 2022.
             Slain by a hobgoblin (3 damage)
             ... on level 2 of the Dungeon.
             The game lasted 00:02:10 (1475 turns).

fragbeetle the Insei (Draconian Transmuter)         Turns: 1475, Time: 00:02:11

Health: -1/29      AC:  5    Str: 12    XL:     3   Next: 30%
Magic:  6/6        EV: 12    Int: 13    God:
Gold:   14         SH:  0    Dex: 13    Spells: 5/6 levels left

rFire   . . .      SeeInvis .     - Unarmed
rCold   . . .      Faith    .   (no shield)
rNeg    . . .      Spirit   .   (armour unavailable)
rPois   .          Reflect  .   (helmet currently unavailable)
rElec   .          Harm     .   (no cloak)
rCorr   .          Rampage  .   (no gloves)
Will    .....                   (boots currently unavailable)
Stlth   +.........              (no amulet)
HPRegen 0.09/turn               (no ring)
MPRegen 0.10/turn               (no ring)

@: appendages
A: horns 2, talons 2, AC +5, unfitting armour, cold-blooded
a: End Transformation


You were on level 2 of the Dungeon.
You had temporarily grown beastly horns and talons.
You visited 1 branch of the dungeon, and saw 2 of its levels.

You collected 14 gold pieces.

Inventory:

Missiles
 a - 68 stones
Scrolls
 b - a scroll of teleportation {unknown}
 c - 3 scrolls of enchant armour {unknown}
Potions
 d - a potion of curing {unknown}


   Skills:
 + Level 1.7 Fighting
 + Level 2.1 Dodging
 * Level 3.4 Unarmed Combat
 - Level 2.0 Spellcasting
 * Level 2.7 Transmutations


You had 5 spell levels left.
You knew the following spells:

 Your Spells              Type           Power      Damage    Failure   Level
a - Beastly Appendage     Tmut           16%        N/A       9%          1

Your spell library contained the following spells:

 Spells                   Type           Power      Damage    Failure   Level
 Wereblood                Tmut           8%         N/A       12%         2
 Spider Form              Tmut/Pois      4%         N/A       41%         3
 Ignite Poison            Fire/Tmut/Pois 3%         N/A       45%         3
 Mephitic Cloud           Conj/Pois/Air  1%         N/A       58%         3
 Ice Form                 Ice/Tmut       4%         N/A       82%         4
 Freezing Cloud           Conj/Ice/Air   0%         6-21      100%        5


Dungeon Overview and Level Annotations

Branches:
Dungeon (2/15)

Altars:


Innate Abilities, Weirdness & Mutations

You have temporarily grown beastly horns and talons.
Your plain brown scales are hard. (AC +5)
You cannot fit into any form of body armour.
You are cold-blooded and may be slowed by cold attacks.


Message History

The bat hits you but does no damage. The bat barely misses you.
The bat closely misses you.
There is a stone staircase leading up here.
The bat hits you but does no damage. The bat closely misses you.
You closely miss the bat. The bat hits you but does no damage.
The hobgoblin barely misses you.
You barely miss the bat. The bat hits you but does no damage.
The hobgoblin misses you.
You hit the hobgoblin.
You headbutt the hobgoblin, but do no damage.
The hobgoblin is moderately wounded.
The bat hits you but does no damage. The hobgoblin closely misses you.
You hit the gnoll. You punch the gnoll, but do no damage.
The gnoll is moderately wounded.
The bat completely misses you. The gnoll hits you with a +3 flail!
The hobgoblin barely misses you.
You hit the gnoll.
You headbutt the gnoll, but do no damage.
The gnoll is moderately wounded.
The bat hits you. The bat closely misses you. The gnoll closely misses you.
The hobgoblin hits you.
You barely miss the gnoll. Your kick misses the gnoll.
The gnoll is moderately wounded.
The bat hits you but does no damage. The gnoll hits you with a +3 flail.
The hobgoblin hits you but does no damage.
You closely miss the gnoll.
The gnoll is moderately wounded.
The hobgoblin hits you but does no damage.
The gnoll hits you with a +3 flail. The bat hits you but does no damage.
The hobgoblin closely misses you.
You closely miss the gnoll. You claw the gnoll. You tail-slap the gnoll.
The gnoll is severely wounded.
The bat barely misses you.
The hobgoblin hits you but does no damage.
The gnoll hits you with a +3 flail!
* * * LOW HITPOINT WARNING * * *
The hobgoblin hits you.
You die...

# #. . .### .. $.#
..........####.####
......... #.......#
......!.#.#....g..#
...............g@.#
..............bg..#
...........)......#
.............######
#gg........#
#g.........#
#.<........#
##........##
.........


You could see a gnoll, 2 hobgoblins and a bat.

Vanquished Creatures
  2 gnolls (D:1)
  A dart slug (D:1)
  A ball python (D:1)
  4 bats (D:1)
  2 endoplasms (D:1)
  A giant cockroach (D:1)
  3 goblins (D:1)
  4 kobolds (D:1)
  A frilled lizard (D:1)
  A rat (D:1)
20 creatures vanquished.

Notes
Turn   | Place    | Note
-------+----------+-------------------------------------------
     0 | D:1      | fragbeetle the Draconian Transmuter began the quest for the
                  | Orb.
     0 | D:1      | Reached XP level 1. HP: 16/16 MP: 3/3
   206 | D:1      | Reached XP level 2. HP: 23/23 MP: 3/5
   577 | D:1      | Found a faded altar of an unknown god.
  1253 | D:1      | Reached XP level 3. HP: 17/29 MP: 4/6
  1475 | D:2      | Slain by a hobgoblin

Illustrated notes

Levels and vault maps discovered:
D:1:      dpeg_arrival_castle, layout_loops_corners,
          dreamdust_ecumenical_altar_statues
D:2:      minmay_inner_zag, layout_rooms, uniq_sigmund

Skill      XL: |  1  2 |
---------------+-------+-----
Dodging        | 2 |  2.1
Fighting       | |  1.7
Unarmed Combat | |  3.4
Spellcasting   | |  2.0
Transmutations | |  2.7

Action                   || total
-------------------------++-------
Melee: Unarmed           ||    62
       Kick              ||    15
       Headbutt          ||     8
       Tailslap          ||     7
       Punch             ||     1
 Cast: Beastly Appendage ||    12
Armor: Skin              ||    29
Dodge: Dodged            ||    62

Table legend: (Time is in decaauts)
 A = Elapsed time spent in this place.
 B = Non-inter-level travel time spent in this place.
 C = Inter-level travel time spent in this place.
 D = Time resting spent in this place.
 E = Time spent auto-exploring this place.
 F = Levels seen in this place.
 G = Mean time per level.
                   A        B        C        D        E       F      G
               +--------+--------+--------+--------+--------+-----+--------+
         Total |   1483 |   1430 |     53 |     85 |   1082 |   2 |  741.5 |
       Dungeon |   1483 |   1430 |     53 |     85 |   1082 |   2 |  741.5 |
               +--------+--------+--------+--------+--------+-----+--------+

Top non-repeatable levels by time:
     D:1: 1457 daAuts
     D:2: 26 daAuts
